[Event "Team 45 45 League T37"]
[Site "Internet Chess Club"]
[Date "2008.05.24"]
[Round "5"]
[White "JimGaming"]
[Black "imupapawn"]
[Result "1-0"]
[WhiteElo "1228"]
[BlackElo "967"]
[Opening "Sicilian: Grand Prix attack"]
[ECO "B23"]
[Time "12:01:41"]
[TimeControl "2700+45"]

1. e4 c5 2. Nc3 Nc6 3. f4 g6 4. Nf3 Bg7 5. Bb5 Nd4 6. O-O Nxb5 7. Nxb5 Qb6 8. c4
a6 9. Qa4 d6 10. Nxd6+ Kd8 11. Nxf7+ Kc7 12. Nxh8 Bxh8 13. Ne5 Be6 14. b3 Nf6
15. d3 Ng4 16. h3 Nxe5 17. fxe5 Bxe5 18. Rb1 Qd6 19. Qa5+ b6 20. Qd2 Bh2+ 21.
Kh1 Bg3 22. Rf3 Rg8 23. Rxg3 Qxg3 24. Qf4+ Qxf4 25. Bxf4+ Kd7 26. b4 Rf8 27. g3
Kc6 28. h4 b5 29. cxb5+ axb5 30. a3 Rd8 31. bxc5 Rxd3 32. a4 bxa4 33. Rb6+ Kd7
34. c6+ Kc8 35. Rb8# {Black checkmated} 1-0

[Event "Team 45 45 League T37"]
[Site "Internet Chess Club"]
[Date "2008.05.25"]
[Round "5"]
[White "cobbler"]
[Black "Zyme"]
[Result "0-1"]
[WhiteElo "1193"]
[BlackElo "1391"]
[Opening "Réti opening"]
[ECO "A05"]
[Time "21:00:13"]
[TimeControl "2700+45"]

1. Nf3 Nf6 2. g3 e6 3. Bg2 d5 4. O-O c5 5. d3 Nc6 6. Nbd2 Be7 7. e4 O-O 8. e5
Nd7 9. b3 Ndxe5 10. Bb2 Nxf3+ 11. Nxf3 b5 12. d4 c4 13. c3 a5 14. a4 bxa4 15.
Rxa4 cxb3 16. Qxb3 Bd7 17. Ba3 Rb8 18. Qa2 Bxa3 19. Rxa3 Rb5 20. Rb1 Qb6 21.
Rxb5 Qxb5 22. Rb3 Qa6 23. Qc2 Rb8 24. Rxb8+ Nxb8 25. Ng5 g6 26. Bf1 Bb5 27. Qc1
Bxf1 28. Qf4 Qa7 29. Kxf1 a4 30. Qc1 a3 31. Qa1 Nc6 32. Nf3 Qa4 33. Qa2 Qc4+ 34.
Qxc4 dxc4 35. Ne1 Kf8 36. Nc2 a2 37. Ke1 Na5 38. Na1 Nb3 39. Kd1 Nxa1 40. Kc1
Nb3+ {White resigns} 0-1

[Event "Team 45 45 League T37"]
[Site "Internet Chess Club"]
[Date "2008.05.23"]
[Round "5"]
[White "SCUGrad"]
[Black "malihini"]
[Result "0-1"]
[WhiteElo "1325"]
[BlackElo "1295"]
[Opening "Caro-Kann: Panov-Botvinnik attack"]
[ECO "B13"]
[Time "20:53:16"]
[TimeControl "2700+45"]

1. e4 c6 2. d4 d5 3. exd5 cxd5 4. c4 Nf6 5. Nc3 Bf5 6. Qb3 Qc7 7. Nf3 e6 8. cxd5
Nxd5 9. Nxd5 Qa5+ 10. Bd2 Qxd5 11. Qxd5 exd5 12. Bb5+ Nc6 13. Ne5 a6 14. Bxc6+
bxc6 15. Nxc6 Rc8 16. Rc1 Bd7 17. Nb4 Rxc1+ 18. Bxc1 Bxb4+ 19. Kd1 O-O {White
resigns} 0-1

[Event "Team 45 45 League T37"]
[Site "Internet Chess Club"]
[Date "2008.05.26"]
[Round "5"]
[White "otib2006"]
[Black "havertown"]
[Result "0-1"]
[WhiteElo "1278"]
[BlackElo "1258"]
[Opening "Ruy Lopez: old Steinitz defense"]
[ECO "C62"]
[Time "14:58:09"]
[TimeControl "2700+45"]

1. e4 e5 2. Nf3 Nc6 3. Bb5 d6 4. h3 Nf6 5. O-O Bd7 6. Nc3 Be7 7. d4 exd4 8. Nd5
O-O 9. Re1 Ne5 10. Bxd7 Qxd7 11. Bg5 Nxd5 12. Bxe7 Nxe7 13. Qxd4 Nxf3+ 14. gxf3
Qxh3 15. Qe3 Ng6 16. f4 Qh5 17. Qg3 Nh4 18. Re3 f5 19. Rae1 Qg6 20. Qxg6 Nxg6
21. e5 Nxf4 22. exd6 cxd6 23. Rf3 g5 24. Re7 Rf7 25. Ree3 h5 26. Rg3 g4 27. Rb3
Ne2+ 28. Kg2 Nxg3 29. Kxg3 f4+ 30. Kh4 Rh7 31. Rb5 Rc8 32. Rg5+ Kh8 33. Rf5 Rxc2
34. Rf8+ Kg7 35. Rd8 Rxf2 36. Rd7+ Kg6 37. Rxd6+ Kf5 38. Rd5+ Ke4 39. Rd6 Rxb2
40. Re6+ Kf5 41. Rd6 Rh2# {White checkmated} 0-1

This game is ruled a forfeit win in favor of white, (no-show by black)

[Event "Team 45 45 League T37"]
[Site "Internet Chess Club"]
[Date "2008.05.25"]
[Round "5"]
[White "Mikey29a"]
[Black "chesskix"]
[Result "1/2-1/2"]
[WhiteElo "1768"]
[BlackElo "1579"]
[Opening "King's pawn opening"]
[ECO "B07"]
[Time "19:59:43"]
[TimeControl "2700+45"]

1. e4 d6 2. d4 c5 3. dxc5 Qa5+ 4. Nc3 Qxc5 5. Be3 Qa5 6. Qd2 Nc6 7. Nd5 Qxd2+ 8.
Bxd2 Kd7 9. Bb5 Nf6 10. f3 e6 11. Nxf6+ gxf6 12. O-O-O Ke7 13. Ne2 e5 14. Nc3
Be6 15. Be3 a6 16. Be2 Bg7 17. a3 h5 18. Kb1 b5 19. Nd5+ Bxd5 20. Rxd5 Na5 21.
Rhd1 Nb7 22. Bb6 Rac8 23. a4 Rc6 24. a5 Rhc8 25. c3 Bh6 26. f4 h4 27. Bg4 Rg8
28. h3 {Game drawn by mutual agreement} 1/2-1/2

[Event "Team 45 45 League T37"]
[Site "Internet Chess Club"]
[Date "2008.05.27"]
[Round "5"]
[White "Pasquino"]
[Black "civilization"]
[Result "0-1"]
[WhiteElo "1316"]
[BlackElo "1549"]
[Opening "Grünfeld defense"]
[ECO "D80"]
[Time "17:07:21"]
[TimeControl "2700+45"]

1. d4 Nf6 2. c4 g6 3. Nc3 d5 4. c5 Bg7 5. e3 c6 6. b4 e6 7. Nf3 Nbd7 8. b5 O-O
9. a4 a6 10. b6 Ne8 11. a5 e5 12. Ne2 e4 13. Nd2 Ndf6 14. Bb2 Ng4 15. h3 Nh6 16.
Ng3 Nf5 17. Nxf5 Bxf5 18. Qc2 Be6 19. Be2 f5 20. f4 Qh4+ 21. Kf1 g5 22. fxg5 f4
23. g4 fxe3+ {White resigns} 0-1

[Event "Team 45 45 League T37"]
[Site "Internet Chess Club"]
[Date "2008.05.26"]
[Round "5"]
[White "Invicta-Knight"]
[Black "curtintime"]
[Result "0-1"]
[WhiteElo "1468"]
[BlackElo "1373"]
[Opening "Center game: Paulsen attack"]
[ECO "C22"]
[Time "19:03:04"]
[TimeControl "2700+45"]

1. e4 e5 2. d4 exd4 3. Qxd4 Nc6 4. Qe3 d6 5. Nc3 Nf6 6. Bd2 Be6 7. Bb5 Qd7 8. f4
a6 9. Ba4 b5 10. Bb3 Bxb3 11. axb3 Nb4 12. Kd1 Be7 13. Qe2 O-O 14. Nf3 Rfe8 15.
Na2 Nc6 16. h3 Bf8 17. e5 dxe5 18. Qd3 Rad8 19. Qxd7 Rxd7 20. fxe5 Nxe5 21. Nxe5
Rxe5 22. Nb4 Bxb4 {White resigns} 0-1

[Event "Team 45 45 League T37"]
[Site "Internet Chess Club"]
[Date "2008.05.28"]
[Round "5"]
[White "AntonioMendonca"]
[Black "b-spot"]
[Result "1/2-1/2"]
[WhiteElo "1720"]
[BlackElo "1784"]
[Opening "English, 1...Nf6 (Anglo-Indian defense)"]
[ECO "A15"]
[Time "19:31:00"]
[TimeControl "2700+45"]

1. c4 Nf6 2. g3 e6 3. Bg2 Bb4 4. a3 Be7 5. Nc3 O-O 6. Nf3 Nc6 7. b4 b6 8. O-O
Bb7 9. d4 d5 10. cxd5 Nxd5 11. Nxd5 exd5 12. Re1 Bf6 13. Bf4 Re8 14. Qc2 Bxd4
15. Rad1 Bf6 16. e4 Ne5 17. Nxe5 Bxe5 18. Bxe5 Rxe5 19. exd5 Rxe1+ 20. Rxe1 Qd6
{Game drawn by mutual agreement} 1/2-1/2

[Event "Team 45 45 League T37"]
[Site "Internet Chess Club"]
[Date "2008.05.26"]
[Round "5"]
[White "jazzyrick"]
[Black "Rhel"]
[Result "1/2-1/2"]
[WhiteElo "1577"]
[BlackElo "1524"]
[Opening "Sicilian defense"]
[ECO "B34"]
[Time "15:08:09"]
[TimeControl "2700+45"]

1. e4 c5 2. Nf3 Nc6 3. d4 cxd4 4. Nxd4 g6 5. Be3 Nf6 6. Nc3 Bg7 7. f3 O-O 8. Qd2
d5 9. O-O-O dxe4 10. Nxe4 Nxe4 11. fxe4 Nxd4 12. Bxd4 Bxd4 13. Qxd4 Qxd4 14.
Rxd4 Be6 15. Bc4 Bxc4 16. Rxc4 Rfc8 17. Rd4 Rd8 18. Rhd1 Rxd4 19. Rxd4 Kf8 20.
Kd2 Ke8 21. c4 Rd8 22. Kc3 e5 23. Rd5 f6 24. b4 a6 25. a4 Rc8 26. c5 Ke7 27. Kc4
Ke6 28. Rd6+ Ke7 29. Kd5 Rc7 30. Re6+ Kf7 31. b5 axb5 32. axb5 Rxc5+ 33. Kxc5
Kxe6 34. Kb6 f5 35. exf5+ Kxf5 36. Kxb7 e4 37. Kc7 e3 38. b6 e2 39. b7 e1=Q 40.
b8=Q Qc3+ 41. Kd7 Qd4+ 42. Qd6 Qxd6+ 43. Kxd6 h5 44. Kd5 g5 45. Kd4 Kf4 46. Kd3
g4 47. Ke2 g3 48. h3 {Game drawn by mutual agreement} 1/2-1/2

[Event "Team 45 45 League T37"]
[Site "Internet Chess Club"]
[Date "2008.05.24"]
[Round "5"]
[White "nozmov"]
[Black "rivits"]
[Result "0-1"]
[WhiteElo "1405"]
[BlackElo "1479"]
[Opening "Queen's pawn game"]
[ECO "D02"]
[Time "18:00:13"]
[TimeControl "2700+45"]

1. d4 d5 2. Nf3 e6 3. Bf4 Nf6 4. h3 a6 5. e3 c5 6. c4 Nc6 7. cxd5 exd5 8. Be2
Be7 9. O-O O-O 10. Qc2 c4 11. a3 h6 12. b3 b5 13. Nbd2 Be6 14. Rfc1 Qb6 15. bxc4
dxc4 16. Rcb1 Qd8 17. Qc3 Nd5 18. Qc1 Nxf4 19. exf4 Nxd4 20. Nxd4 Qxd4 21. Nf3
Qf6 22. Qe3 Rfd8 23. Rc1 Bf5 24. Qc3 Bd3 25. Bxd3 Rxd3 26. Qxf6 Bxf6 27. Ne5 Be7
28. Nxd3 cxd3 29. Rd1 Rd8 30. Ra2 a5 31. Rad2 Rb8 32. Rxd3 b4 33. Rb1 Kf8 34.
Kf1 f6 35. Ke2 Kf7 36. Kd2 Rb6 37. Kc2 Rc6+ 38. Kd2 bxa3 39. Ke2 Bb4 40. Rd7+
Kg8 41. Rd8+ Kh7 42. Rdd1 Rc2+ 43. Kd3 Rxf2 44. Ke3 Rxg2 45. Kd4 Rh2 46. Rd3 Rf2
47. Ke4 Kg6 48. Rg1+ Kh7 49. Rd7 Bf8 50. Ke3 Rb2 51. Rgd1 a2 52. Kf3 Rb1 53.
R7d2 a1=Q 54. Ke2 Rxd1 55. Rxd1 Qa2+ 56. Rd2 Qe6+ {White resigns} 0-1

[Event "Team 45 45 League T37"]
[Site "Internet Chess Club"]
[Date "2008.05.25"]
[Round "5"]
[White "werty"]
[Black "nathesh"]
[Result "1-0"]
[WhiteElo "1498"]
[BlackElo "1463"]
[Opening "Queen's pawn game"]
[ECO "D04"]
[Time "14:01:46"]
[TimeControl "2700+45"]

1. d4 d5 2. Nf3 Nf6 3. e3 Bf5 4. c4 e6 5. Nc3 c6 6. Nh4 Bg6 7. Nxg6 hxg6 8. cxd5
cxd5 9. Bb5+ Nc6 10. Bxc6+ bxc6 11. a3 Rb8 12. b4 Bd6 13. h3 Nd7 14. e4 f6 15.
exd5 cxd5 16. Qe2 Qe7 17. Nb5 Bxb4+ 18. axb4 Qxb4+ 19. Bd2 Qxb5 20. Qxe6+ Kd8
21. Ba5+ Nb6 22. Qd6+ Qd7 23. Qxb8+ {Black resigns} 1-0

[Event "Team 45 45 League T37"]
[Site "Internet Chess Club"]
[Date "2008.05.25"]
[Round "5"]
[White "cer7"]
[Black "alexcluster"]
[Result "1-0"]
[WhiteElo "1935"]
[BlackElo "1687"]
[Opening "Sicilian: Scheveningen, English variation"]
[ECO "B90"]
[Time "12:22:00"]
[TimeControl "2700+45"]

1. e4 c5 2. Nf3 d6 3. d4 cxd4 4. Nxd4 Nf6 5. Nc3 a6 6. Be3 e6 7. Qd2 Qc7 8. f3
Be7 9. O-O-O b5 10. g4 h6 11. h4 Nc6 12. Be2 Bb7 13. g5 hxg5 14. hxg5 Rxh1 15.
Rxh1 Nd7 16. Rh8+ Bf8 17. g6 Nxd4 18. gxf7+ Kxf7 19. Bxd4 Rc8 20. Qf4+ Nf6 21.
Bxf6 gxf6 22. Rh7+ Bg7 23. Qg4 Rg8 24. Bd3 Qe7 25. Qh5+ Kf8 26. Ne2 Qf7 27. Qh3
Bc8 28. Nf4 Ke7 29. Qh2 e5 30. Nd5+ Kd8 31. Qf2 Qg6 32. Qa7 Bh6+ 33. Kd1 Qg1+
34. Qxg1 Rxg1+ 35. Ke2 Bg5 36. Rh8+ Kd7 37. Nb6+ Kc7 38. Nxc8 Rg2+ 39. Kf1 Rg3
40. Kf2 {Black resigns} 1-0

[Event "Team 45 45 League T37"]
[Site "Internet Chess Club"]
[Date "2008.05.23"]
[Round "5"]
[White "hualpe"]
[Black "nodoyuna"]
[Result "1-0"]
[WhiteElo "1824"]
[BlackElo "1805"]
[Opening "QGD: Grau (Sahovic) defense"]
[ECO "D06"]
[Time "13:00:31"]
[TimeControl "2700+45"]

1. d4 d5 2. c4 Bf5 3. Nc3 e6 4. Nf3 Nc6 5. e3 Nb4 6. e4 dxe4 7. a3 exf3 8. axb4
fxg2 9. Bxg2 c6 10. b5 Qc7 11. bxc6 bxc6 12. Bf4 Qb6 13. Nb5 Bb4+ 14. Bd2 Bxd2+
15. Qxd2 Rd8 16. Nd6+ Rxd6 17. c5 Qxc5 18. dxc5 Rxd2 19. Kxd2 Nf6 20. Bxc6+ Nd7
21. Rxa7 O-O 22. Rxd7 e5 23. Re7 Rd8+ 24. Kc3 Rd3+ 25. Kc4 Rd4+ 26. Kb5 f6 27.
Ra1 Bd3+ 28. Kb6 Rb4+ 29. Kc7 h5 30. Bd5+ Kh7 31. Rg1 Bg6 32. Bg8+ Kh6 33. Bf7
Be4 34. c6 Rxb2 35. Be6 g5 36. Rc1 Rxf2 37. Kd8 Rd2+ 38. Rd7 Rxh2 39. c7 Bb7 40.
Bf5 g4 41. Rb1 Ba6 42. Rb6 g3 43. Rxa6 g2 44. c8=Q Kg5 45. Rg7+ Kf4 46. Ra4+
{Black resigns} 1-0

[Event "Team 45 45 League T37"]
[Site "Internet Chess Club"]
[Date "2008.05.26"]
[Round "5"]
[White "lafuga3"]
[Black "calily"]
[Result "1-0"]
[WhiteElo "1555"]
[BlackElo "1732"]
[Opening "Petrov: classical attack, Marshall variation"]
[ECO "C42"]
[Time "14:59:35"]
[TimeControl "2700+45"]

1. e4 e5 2. Nf3 Nf6 3. Nxe5 d6 4. Nf3 Nxe4 5. d4 d5 6. Bd3 Bd6 7. O-O O-O 8. c4
c6 9. Nc3 Re8 10. Qc2 Bf5 11. Re1 Nd7 12. Nxe4 dxe4 13. Bxe4 Bxe4 14. Rxe4 Nf6
15. Rxe8+ Qxe8 16. b3 Qd7 17. Bg5 Ng4 18. h3 h6 19. hxg4 hxg5 20. Nxg5 g6 21. f3
Qe7 22. Ne4 Bf4 23. Qf2 f5 24. g3 Bc7 25. Nc5 Re8 26. gxf5 gxf5 27. Nxb7 Qg7 28.
Kg2 Re6 29. Nc5 Rg6 30. f4 Rh6 31. Qe3 Qf7 32. Re1 Bxf4 33. Qxf4 Qh5 34. Qb8+
Kf7 35. Qe8+ {Black resigns} 1-0

[Event "Team 45 45 League T37"]
[Site "Internet Chess Club"]
[Date "2008.05.25"]
[Round "5"]
[White "arriero55"]
[Black "pedrin"]
[Result "0-1"]
[WhiteElo "1449"]
[BlackElo "1122"]
[Opening "Ruy Lopez: open (Tarrasch) defense"]
[ECO "C80"]
[Time "11:16:27"]
[TimeControl "2700+45"]

1. e4 e5 2. Nf3 Nc6 3. Bb5 a6 4. Ba4 Nf6 5. O-O Nxe4 6. Re1 Nc5 7. Bxc6 dxc6 8.
Nxe5 Be7 9. Qe2 Bf5 10. d3 Nd7 11. Nc3 Be6 12. d4 Nxe5 13. dxe5 O-O 14. a3 Qd4
15. Qe4 Qxe4 16. Nxe4 Rad8 17. Be3 Bf5 18. Nc5 Rd5 19. Nxb7 Rb5 20. b4 Rxb7 21.
c3 Rfb8 22. Rad1 Rb5 23. Ba7 R8b7 24. Bd4 Rd5 25. c4 Rd8 26. c5 Bc2 27. Rd2 Bb3
28. Bc3 Rxd2 29. Bxd2 Bd5 30. f4 h6 31. g4 Rb5 32. Re3 Kh7 33. h3 g5 34. f5 Rb8
35. Kf2 Rg8 36. Re2 Rd8 37. Re3 Bf8 38. Rg3 a5 39. Bc1 axb4 40. axb4 Rb8 41. Bd2
Ra8 42. Re3 Ra2 43. Ke1 Bg7 44. Ke2 Bc4+ 45. Ke1 Ra1+ 46. Kf2 Rf1+ 47. Kg2 Rd1
48. Bc3 Rc1 49. Bd2 Rc2 {White forfeits on time} 0-1

[Event "Team 45 45 League T37"]
[Site "Internet Chess Club"]
[Date "2008.06.01"]
[Round "5"]
[White "MrShaw"]
[Black "miltools"]
[Result "1-0"]
[WhiteElo "1927"]
[BlackElo "1939"]
[Opening "Sicilian: dragon, Yugoslav attack, 10.O-O-O"]
[ECO "B78"]
[Time "08:39:23"]
[TimeControl "2700+45"]

1. e4 c5 2. Nf3 d6 3. d4 cxd4 4. Nxd4 Nf6 5. Nc3 g6 6. Be3 Bg7 7. f3 O-O 8. Qd2
Nc6 9. Bc4 Bd7 10. O-O-O Qb8 11. h4 Nxd4 12. Bxd4 b5 13. Bb3 a5 14. Bd5 b4 15.
Bxa8 bxc3 16. Bxc3 Qxa8 17. e5 dxe5 18. Bxe5 Be6 19. Kb1 Qd5 20. Qxd5 Nxd5 21.
Rhe1 Rc8 22. c3 h5 23. g4 hxg4 24. fxg4 Rc4 25. Rd4 Rxd4 26. Bxd4 Bxd4 27. cxd4
Bxg4 28. Kc2 a4 29. a3 Bf5+ 30. Kd2 Kg7 31. Rc1 Be6 32. Rc4 Nb6 33. Rb4 Nc4+ 34.
Kc3 f5 35. Rxa4 f4 36. Rxc4 f3 37. d5 Bxd5 38. Rd4 Bc6 39. Kd2 e5 40. Rd6 Ba8
41. Re6 e4 42. Ke3 Kf7 43. Rd6 Kg7 44. b4 Kh6 45. Ra6 Bb7 46. Ra5 Bc8 47. Re5
Bf5 48. b5 Kh5 49. b6 Kg4 50. b7 f2 51. Kxf2 {Black resigns} 1-0

[Event "Team 45 45 League T37"]
[Site "Internet Chess Club"]
[Date "2008.05.23"]
[Round "5"]
[White "Razorbackchess"]
[Black "viking99"]
[Result "1-0"]
[WhiteElo "1778"]
[BlackElo "1818"]
[Opening "English opening"]
[ECO "A20"]
[Time "19:05:31"]
[TimeControl "2700+45"]

1. c4 e5 2. g3 f5 3. Bg2 Nf6 4. d4 Bb4+ 5. Bd2 Bxd2+ 6. Qxd2 e4 7. Nc3 d5 8.
cxd5 Nxd5 9. Nxd5 Qxd5 10. f3 O-O 11. fxe4 fxe4 12. e3 Nc6 13. a3 Bg4 14. Ne2
Na5 15. Nc3 Qc4 16. Bxe4 c6 17. Qd3 Qf7 18. Rf1 Qxf1+ 19. Qxf1 Rxf1+ 20. Kxf1
Rf8+ 21. Kg1 Nc4 22. Nd1 Re8 23. Bd3 Nxe3 24. Nxe3 Rxe3 25. Bc4+ Be6 26. Kf2 Re4
27. Kf3 Bd5 28. Bxd5+ cxd5 29. Rc1 Rxd4 30. Rc8+ Kf7 31. Rc7+ Kf6 32. Rxb7 Rd2
33. h4 h5 34. Rxa7 Rxb2 35. Kf4 Rb6 36. Ra8 Re6 37. a4 Re4+ 38. Kf3 Re7 39. a5
d4 40. a6 d3 41. Rf8+ Kg6 42. Rd8 Ra7 43. Rd6+ Kf5 44. Rd5+ Kg6 45. Rd6+ Kf7 46.
Ke3 Ke7 47. Rg6 Kf7 48. Rb6 Re7+ 49. Kxd3 Rd7+ 50. Kc4 Rd1 51. Kb5 Ra1 52. Kc6
Kf6 53. Kb7+ Kf5 54. a7 g5 55. a8=Q Rxa8 56. Kxa8 gxh4 57. gxh4 Kg4 58. Rb4+ Kg3
59. Kb7 {Black resigns} 1-0

[Event "Team 45 45 League T37"]
[Site "Internet Chess Club"]
[Date "2008.05.24"]
[Round "5"]
[White "b-spot"]
[Black "Frankly"]
[Result "1-0"]
[WhiteElo "1787"]
[BlackElo "1816"]
[Opening "QGA: Alekhine defense"]
[ECO "D22"]
[Time "15:01:32"]
[TimeControl "2700+45"]

1. d4 d5 2. c4 dxc4 3. Nf3 a6 4. e3 Bg4 5. Bxc4 e6 6. Nc3 Nf6 7. h3 Bh5 8. g4
Bg6 9. Ne5 Nbd7 10. Nxg6 hxg6 11. Bf1 c5 12. Bg2 Rb8 13. O-O cxd4 14. exd4 Bd6
15. Bg5 Qc7 16. Rc1 Qa5 17. Bd2 Qb6 18. d5 O-O 19. dxe6 fxe6 20. Be3 Qxb2 21.
Qxd6 Rfe8 22. g5 Rbd8 23. gxf6 Nxf6 24. Qe5 b5 25. Rb1 Qa3 26. Rb3 Qe7 27. Bc6
Nd7 28. Bxd7 Rxd7 29. Rbb1 Qh4 30. Qg3 Qh5 31. Ne4 Rf8 32. Ng5 Qe2 33. Qh4 Qh5
34. Qxh5 gxh5 35. Nxe6 Rf6 36. Nf4 h4 37. Kh2 Kf7 38. Rg1 Ke8 39. Ng6 Rc7 40.
Rbe1 Kf7 41. Nxh4 Rc4 42. Rg4 Rc2 43. a3 Ra2 44. Bc5 Rc2 45. Re7+ Kf8 46. Rc7+
Ke8 47. Rgxg7 Rfxf2+ 48. Bxf2 Rxf2+ 49. Ng2 {Black resigns} 1-0

[Event "Team 45 45 League T37"]
[Site "Internet Chess Club"]
[Date "2008.05.25"]
[Round "5"]
[White "rss"]
[Black "mickeys"]
[Result "0-1"]
[WhiteElo "1742"]
[BlackElo "1824"]
[Opening "Réti: King's Indian attack (with ...c5)"]
[ECO "A08"]
[Time "10:00:29"]
[TimeControl "2700+45"]

1. Nf3 d5 2. g3 c5 3. d3 Nc6 4. Bg2 e5 5. O-O Be7 6. c3 Nf6 7. Nbd2 O-O 8. e4
Be6 9. Re1 d4 10. c4 Nd7 11. a3 Rb8 12. Qc2 Qc7 13. Rb1 b5 14. cxb5 Rxb5 15. Nc4
Na5 16. Nfd2 Rfb8 17. Nxa5 Qxa5 18. f4 Bb3 {White resigns} 0-1

[Event "Team 45 45 League T37"]
[Site "Internet Chess Club"]
[Date "2008.05.23"]
[Round "5"]
[White "primerpaso"]
[Black "MPknight"]
[Result "1/2-1/2"]
[WhiteElo "1863"]
[BlackElo "1772"]
[Opening "English: symmetrical variation"]
[ECO "A38"]
[Time "21:00:42"]
[TimeControl "2700+45"]

1. c4 c5 2. Nc3 Nc6 3. g3 g6 4. Bg2 Bg7 5. Nf3 Nf6 6. O-O e5 7. d3 O-O 8. a3 d6
9. Rb1 Rb8 10. b4 Nd4 11. bxc5 Nxf3+ 12. Bxf3 dxc5 13. Be3 Qc7 14. Qa4 a6 15.
Rfc1 Bd7 16. Qd1 b6 17. Nd5 Nxd5 18. cxd5 Qd6 19. Qd2 Rfe8 20. Bh6 Kh8 21. Bxg7+
Kxg7 22. Bg2 f6 23. h4 Rf8 24. Rb2 Rb7 25. Qc3 Rc8 26. e3 Rbc7 27. Rbc2 Rb7 28.
Qb2 Bf5 29. e4 Bd7 30. Rc3 Rbc7 31. Qd2 Rb7 32. Qe3 Rbc7 33. f4 Rf8 34. Rf1 Rcc8
35. Rc2 f5 36. Qc1 Rfe8 37. Qb2 Kg8 38. Re2 fxe4 39. Bxe4 exf4 40. Rxf4 Rf8 41.
Ref2 Rxf4 42. Rxf4 b5 43. Kg2 Rf8 44. Rxf8+ Qxf8 45. Qe5 Qe8 46. Qf6 c4 47. Qd4
cxd3 48. Bxd3 Qe1 49. Qf4 Qd1 50. Qe3 Qg4 51. Be2 Qh3+ 52. Kg1 Qf5 53. Bf3 Qb1+
54. Kh2 Qb2+ 55. Bg2 Qf6 56. Qc5 Kf7 57. d6 Kg7 58. Qc7 Qe6 59. Qc5 Qe2 60. Qa7
Qg4 61. Qxa6 Qe6 62. Qb6 h5 63. Qd4+ Qf6 64. Qd2 Kf7 65. Bd5+ Kg7 66. Bg2 Kf7
67. Qb4 Qe5 68. Qb3+ Kg7 69. Qd3 Qf6 70. Qd5 Qf7 71. Qc5 Qe6 72. Qc7 Kf6 73. Qc5
Qe5 74. Qc7 {Game drawn by mutual agreement} 1/2-1/2

[Event "Team 45 45 League T37"]
[Site "Internet Chess Club"]
[Date "2008.05.24"]
[Round "5"]
[White "Mikey29a"]
[Black "tryanything"]
[Result "1-0"]
[WhiteElo "1776"]
[BlackElo "1674"]
[Opening "Sicilian defense"]
[ECO "B34"]
[Time "18:21:03"]
[TimeControl "2700+45"]

1. e4 c5 2. Nf3 Nc6 3. d4 cxd4 4. Nxd4 g6 5. Nb3 Bg7 6. Nc3 Nf6 7. Be3 O-O 8.
Qd2 d6 9. f3 Be6 10. O-O-O Na5 11. Nd4 Nc4 12. Nxe6 Nxd2 13. Nxd8 Nxf1 14. Rhxf1
Rfxd8 15. Nd5 Nxd5 16. exd5 b5 17. Rfe1 Rd7 18. Bd4 Bxd4 19. Rxd4 f6 20. Rb4 a6
21. a4 bxa4 22. Rxa4 Kf7 23. b4 Rb7 24. Kd2 Rab8 25. c3 Rb5 26. Rxa6 Rxd5+ 27.
Kc2 Rdb5 28. Ra7 R5b7 29. Rxb7 Rxb7 30. Kb3 e5 31. c4 Ke6 32. Ra1 Kd7 33. b5 Kc7
34. Kb4 Kb8 35. Ra6 Kc7 36. c5 dxc5+ 37. Kxc5 Kd7 38. Rxf6 Ke7 39. Ra6 Kd7 40.
b6 g5 41. Ra7 Kc8 42. Kc6 {Black resigns} 1-0

[Event "Team 45 45 League T37"]
[Site "Internet Chess Club"]
[Date "2008.05.26"]
[Round "5"]
[White "clarinetref"]
[Black "OldChurchLady"]
[Result "0-1"]
[WhiteElo "1640"]
[BlackElo "1786"]
[Opening "Réti: old Indian attack"]
[ECO "A06"]
[Time "23:00:07"]
[TimeControl "2700+45"]

1. Nf3 d5 2. d3 Nf6 3. g3 Bf5 4. Nbd2 h6 5. Bg2 e6 6. O-O Nc6 7. c3 Bc5 8. d4
Bd6 9. a3 O-O 10. c4 Re8 11. c5 Bf8 12. b4 a6 13. Nb3 e5 14. dxe5 Nxe5 15. Nxe5
Rxe5 16. Bb2 Re8 17. Nd4 Bh7 18. Qb3 c6 19. Rae1 Qc7 20. f3 b6 21. cxb6 Qxb6 22.
Kh1 Rab8 23. Qa4 c5 24. Nc6 Rbc8 25. Bxf6 gxf6 26. Na5 cxb4 27. axb4 Bxb4 28.
Ra1 Rxe2 29. Nb3 Rcc2 30. Rg1 Bc3 31. Rac1 Qb4 32. Qxb4 Bxb4 33. Nd4 Rxc1 34.
Rxc1 Re1+ 35. Rxe1 Bxe1 36. f4 Be4 37. Bxe4 dxe4 38. Kg1 a5 39. Kf1 Bc3 40. Nc2
f5 41. Ke2 Kg7 42. Ne3 Kg6 43. Kd1 Bd4 44. Nd5 h5 45. Ne7+ Kf6 46. Nd5+ Ke6 47.
Nc7+ Kd7 48. Nb5 Bg1 49. h3 Bf2 50. g4 hxg4 51. hxg4 fxg4 52. Ke2 g3 53. Nc3 e3
54. Kf1 Ke6 55. Kg2 Kf5 56. Ne2 a4 57. Kf3 a3 58. Nd4+ Kf6 59. Nc2 a2 60. Na1
Kf5 61. Nc2 Ke6 62. Nd4+ Kd5 63. Nb3 Kc4 64. Na1 Kc3 {White resigns} 0-1

[Event "Team 45 45 League T37"]
[Site "Internet Chess Club"]
[Date "2008.05.24"]
[Round "5"]
[White "Zebbile"]
[Black "chess9397"]
[Result "1-0"]
[WhiteElo "2049"]
[BlackElo "1740"]
[Opening "Queen's pawn game, Chigorin variation"]
[ECO "A04"]
[Time "20:00:45"]
[TimeControl "2700+45"]

1. Nf3 Nc6 2. d4 d5 3. Bf4 Nf6 4. e3 a6 5. h3 Bf5 6. c4 dxc4 7. Bxc4 e6 8. O-O
Bd6 9. Bg5 O-O 10. Nc3 Be7 11. Re1 Nd5 12. Bxe7 Nxc3 13. bxc3 Qxe7 14. e4 Bg6
15. d5 Qc5 16. dxc6 Qxc4 17. cxb7 Rab8 18. Ne5 Qxc3 19. Nd7 Rfd8 20. Re3 Qc4
{Black disconnected and forfeits} 1-0

[Event "Team 45 45 League T37"]
[Site "Internet Chess Club"]
[Date "2008.05.24"]
[Round "5"]
[White "tourettes"]
[Black "Fezzik"]
[Result "1/2-1/2"]
[WhiteElo "1771"]
[BlackElo "1999"]
[Opening "Caro-Kann: anti-anti-Caro-Kann defense"]
[ECO "B10"]
[Time "10:21:55"]
[TimeControl "2700+45"]

1. e4 c6 2. c4 d5 3. exd5 cxd5 4. cxd5 Nf6 5. Nf3 Nxd5 6. Bb5+ Nc6 7. O-O e6 8.
Nc3 Be7 9. Qb3 O-O 10. Nxd5 exd5 11. d4 Be6 12. Bd3 Bf6 13. Be3 Qb6 14. Qxb6
axb6 15. Bc2 Bg4 16. Rfd1 Rfd8 17. h3 Bh5 18. g4 Bg6 19. Bxg6 hxg6 20. Bf4 Rd7
21. b3 Re8 22. g5 Bd8 23. Re1 Rde7 24. Rxe7 Rxe7 25. Kf1 Re4 26. Be3 b5 27. a3
f6 28. h4 Bb6 29. Rc1 Kf7 30. Rd1 Ke6 31. a4 b4 32. Ke2 Kf5 33. Kf1 Kg4 34. Kg2
f5 35. Nd2 Re8 36. f3+ Kh5 37. Nf1 Kxh4 38. Re1 Bc7 39. Bf2+ Kxg5 40. Rxe8 Kf6
41. Re2 g5 42. Ne3 Ne7 43. Nc2 Bd6 44. Be1 Nc6 45. Re8 f4 46. Ra8 Kf5 47. a5 g4
48. a6 gxf3+ 49. Kxf3 g5 50. Nxb4 Nxd4+ 51. Kg2 bxa6 52. Nxd5 Ke5 53. Nxf4 gxf4
54. Bc3 Kd5 55. Bxd4 Kxd4 56. Rxa6 Bb4 57. Rc6 Ke3 58. Kf1 Kd3 59. Rc4 Bd2 60.
Kf2 Be3+ 61. Kf3 Bd2 62. Rc6 Be3 63. b4 Kd4 64. b5 Kd5 65. Rc8 Kd6 66. Ke4 Kd7
67. Rc3 Kd6 68. Rc6+ Kd7 69. Rf6 Kc7 70. Kd5 Kb7 71. Kc4 Bc1 72. Kb4 Bd2+ 73.
Ka4 Be3 74. Kb4 Bd2+ 75. Kc4 Be3 76. Kd3 Kc7 77. Ke4 Kb7 78. Rc6 Bd2 79. Kd3 Be3
80. Rf6 Kc7 81. Kc4 {Game drawn by mutual agreement} 1/2-1/2

[Event "Team 45 45 League T37"]
[Site "Internet Chess Club"]
[Date "2008.05.22"]
[Round "5"]
[White "gtm"]
[Black "powerchess1"]
[Result "1-0"]
[WhiteElo "1599"]
[BlackElo "1691"]
[Opening "Sicilian: closed"]
[ECO "B23"]
[Time "18:31:17"]
[TimeControl "2700+45"]

1. e4 c5 2. Nc3 g6 3. f4 Bg7 4. Nf3 Nc6 5. Bc4 d6 6. O-O Bg4 7. d3 Nd4 8. Bxf7+
Kxf7 9. Ng5+ Ke8 10. Qxg4 Nxc2 11. Rb1 Bd4+ 12. Kh1 Nf6 13. Qe6 Qc8 14. Qf7+ Kd7
15. e5 Ne8 16. Nd5 a6 17. Qe6+ Kc6 18. Nxe7+ {Black resigns} 1-0